 Dungeon Crawl Stone Soup version 0.30.0-30-g96aa6591b8 (webtiles) character file.

Game seed: 9823331256160031328

807 croobank the Caller (level 7, -7/45 HPs)
             Began as an Octopode Summoner on June 28, 2023.
             Mangled by Pikel
             ... wielding a +2 whip of electrocution
              (20 damage)
             ... on level 5 of the Dungeon.
             The game lasted 00:18:24 (4246 turns).

croobank the Caller (Octopode Summoner)             Turns: 4246, Time: 00:18:25

Health: -7/45      AC:  1    Str:  7    XL:     7   Next: 92%
Magic:  8/11       EV: 19    Int: 19    God:
Gold:   493        SH:  0    Dex: 13    Spells: 1/12 levels left

rFire   . . .        a - +4 dagger (venom)
rCold   . . .        (no shield)
rNeg    . . .        (helmet restricted)
rPois   .            (no amulet)
rElec   .            l - +5 ring of evasion
rCorr   .            y - ring of willpower
SInv    .            (no ring)
Will    +....        (no ring)
Stlth   ++++         (no ring)
HPRegen 0.27/turn    (no ring)
MPRegen 0.12/turn    (no ring)
                     (no ring)

%: no passive effects
@: no status effects
A: almost no armour, amphibious, 8 rings, camouflage 1, gelatinous body 1,
(nimble swimmer 1), tentacles
a: no special abilities


You were on level 5 of the Dungeon.
You visited 1 branch of the dungeon, and saw 5 of its levels.
You also visited: Sewer and Ossuary.

You collected 493 gold pieces.

Inventory:

Hand Weapons
 a - a +4 dagger of venom (weapon)
 e - a +0 whip
 u - a +0 long sword
 w - a +0 flail of holy wrath
 z - a +0 war axe
Missiles
 h - 2 boomerangs
 t - 6 poisoned darts
Jewellery
 l - a +5 ring of evasion (left tentacle)
 y - a ring of willpower (right tentacle)
Scrolls
 d - a scroll of magic mapping
 f - 2 scrolls of identify
 i - 2 scrolls of teleportation {unknown}
 k - 2 scrolls of enchant armour {unknown}
 n - a scroll of fear
 p - 2 scrolls of vulnerability {unknown}
 q - a scroll of blinking {unknown}
 r - a scroll of poison {unknown}
Potions
 b - 3 potions of brilliance
 c - 2 potions of mutation {unknown}
 g - a potion of ambrosia {unknown}
 j - 3 potions of curing {unknown}
 m - a potion of resistance {unknown}
 o - a potion of degeneration {unknown}
 s - 4 potions of flight {unknown}
 v - 2 potions of berserk rage {unknown}
 x - 2 potions of heal wounds


   Skills:
 + Level 2.5 Fighting
 + Level 3.3 Dodging
 + Level 4.8 Stealth
 + Level 3.2 Spellcasting
 * Level 2.2 Hexes
 + Level 4.9 Summonings
 - Level 4.6 Translocations


You had one spell level left.
You knew the following spells:

 Your Spells              Type           Power      Damage    Failure   Level
a - Summon Small Mammal   Summ           84%        N/A       1%          1
b - Call Imp              Summ           42%        N/A       3%          2
c - Call Canine Familiar  Summ           21%        N/A       6%          3
d - Summon Guardian Gole  Hex/Summ       16%        N/A       10%         3
k - Blink                 Tloc           40%        N/A       3%          2

Your spell library contained the following spells:

 Spells                   Type           Power      Damage    Failure   Level
 Lesser Beckoning         Tloc           40%        N/A       3%          2
 Momentum Strike          Conj/Tloc      22%        3d8       9%          2
 Tukima's Dance           Hex            11%        N/A       17%         3
 Static Discharge         Conj/Air       6%         2-3/arc   22%         2
 Passage of Golubria      Tloc           20%        N/A       22%         4
 Summon Lightning Spire   Summ/Air       12%        N/A       47%         4
 Airstrike                Air            1%         2d(1-17)  83%         4
 Yara's Violent Unravell  Hex/Tmut       3%         3d4       95%         5
 Fireball                 Conj/Fire      1%         3d3       99%         5
 Iskenderun's Battlesphe  Conj           3%         2d6       99%         5
 Conjure Ball Lightning   Conj/Air       1%         3x3d6     100%        6
 Orb of Destruction       Conj           1%         9d5       100%        7


Dungeon Overview and Level Annotations

Branches:
Dungeon (5/15)              Sewer (visited)         Ossuary (visited)
 Temple: D:4-7

Altars:
Cheibriados
Kikubaaqudgha
Qazlal
Ru
The Shining One

Annotations:
D:3 Sigmund
D:5 Pikel


Innate Abilities, Weirdness & Mutations

You cannot wear most types of armour.
You are amphibious.
You can wear up to eight rings at the same time.
Your skin changes colour to match your surroundings (Stealth+).
Your rubbery body absorbs attacks. (AC +1, EV +1)
((You are camouflaged when in or above water. (Stealth+)))
You have tentacles for arms and can constrict up to eight enemies at once.


Message History

You now have 401 gold pieces (gained 8).
You now have 420 gold pieces (gained 19).
You now have 434 gold pieces (gained 14).
You now have 440 gold pieces (gained 6).
You now have 445 gold pieces (gained 5).
You now have 462 gold pieces (gained 17).
You now have 475 gold pieces (gained 13).
You now have 493 gold pieces (gained 18).
Done exploring.
There is a gate leading back out of this place here.
Welcome back to the Dungeon!
There is a collapsed entrance here.
Pikel, Merchant of Souls comes into view.
He is wielding a +2 whip of electrocution.
A lemure comes into view.
You strike the helpless Pikel from behind!
You puncture Pikel!
Pikel is poisoned.
Your grab misses Pikel.
Pikel is moderately wounded.
Pikel completely misses you.
You barely miss Pikel. You grab Pikel. You squeeze Pikel.
Pikel is moderately wounded.
You constrict Pikel.
Pikel hits you with a +2 whip of electrocution!
You hit Pikel.
Pikel looks as sick as possible!
Your squeeze misses Pikel.
Pikel is heavily wounded.
You constrict Pikel. Pikel barely misses you.
Casting: Call Imp (safe; 3% risk of failure)
Confirm with . or Enter, or press ? or * to list all spells.
You constrict Pikel, but do no damage. Pikel closely misses you.
You hit Pikel.
Pikel looks as sick as possible!
You squeeze Pikel.
Pikel is almost dead.
You constrict Pikel, but do no damage. The lemure hits you.
Pikel says, "Don't tell anyone, but I think Ereshkigal likes me."
Pikel closely misses you.
You barely miss Pikel.
Pikel is almost dead.
You constrict Pikel, but do no damage. The lemure hits you.
Pikel hits you with a +2 whip of electrocution!
* * * LOW HITPOINT WARNING * * *
You are electrocuted!!
You die...

##.....##.........,,,,,*,,,, ***
#.................,,,,,*,,,,
*,***##.....##....##...**,,,*,,,,
*,,,,*#.....*#....#*,.,**,,,*,,,,
*,,,,*######*#....#,,,,,*,,**,,,,
*,,,,##.....##.[..#,,,,,*,,****+*
*,,,,.............#,,,,,*,,,,,,,,
**,,,*#.....##.5K##*,,,**,,,,,,,,
****##.....##.h@##*,,,**,,,,,,,,
#.......#....#,,,,,,,,,,,,,,
#............#,,,,,,,,,,,,,,
*#...........#,,,,,,,,*****+
####........#,,,,,,,,**,,,,
#.......##,>,,**,,*,,,,,
#......##*******,,*,,,,, ###....#
*,,,+,,,,, ###### *,,,**,,,,


You could see Pikel (extremely poisoned, ally target), a lemure and a friendly
hound (summoned).

Vanquished Creatures
  A sky beast (D:4)
  Dowan (D:5)
  Natasha (D:4)
  A hell rat (Sewer)
  3 adders
  A worm (D:3)
  A dart slug (D:5)
  An orc (D:3)
  3 endoplasms
  3 giant cockroaches (D:1)
  6 goblins
  5 hobgoblins
  A jackal (D:5)
  3 kobolds
  4 quokkas
  3 ball pythons
  2 bats
  6 frilled lizards
  A hobgoblin zombie (Ossuary)
  6 rats
53 creatures vanquished.

Vanquished Creatures (collateral kills)
  A water moccasin (D:4)
  A hound (D:4)
  A jelly (D:4)
  A human zombie (Ossuary)
  Natasha (D:4)
  2 iguanas (D:4)
  A mummy (Ossuary)
  Robin (D:2)
  2 adders
  An ufetubus (D:4)
  A worm (D:2)
  A dart slug (D:3)
  4 orcs
  2 endoplasms
  2 gnoll zombies (Ossuary)
  7 goblins
  4 hobgoblins
  5 jackals
  2 kobolds
  2 quokkas
  2 ball pythons
  6 frilled lizards (D:3)
  A hobgoblin zombie (Ossuary)
  8 rats
59 creatures vanquished.

Vanquished Creatures (others)
  Duvessa (D:5)
  2 human zombies (Ossuary)
  A mummy (Ossuary)
  A gnoll zombie (Ossuary)
  3 goblin zombies (Ossuary)
  2 hobgoblin zombies (Ossuary)
  An orc zombie (Ossuary)
11 creatures vanquished.

Grand Total: 123 creatures vanquished

Notes
Turn   | Place    | Note
-------+----------+-------------------------------------------
     0 | D:1      | croobank the Octopode Summoner began the quest for the Orb.
     0 | D:1      | Reached XP level 1. HP: 11/11 MP: 3/3
   177 | D:1      | Reached XP level 2. HP: 17/17 MP: 1/5
   180 | D:1      | Learned a level 2 spell: Call Imp
   651 | D:1      | Reached XP level 3. HP: 22/22 MP: 2/6
   655 | D:1      | Learned a level 3 spell: Call Canine Familiar
  1217 | D:2      | Noticed Robin
  1225 | D:2      | Reached skill level 1 in Fighting
  1258 | D:2      | Killed Robin
  1311 | D:2      | Reached XP level 4. HP: 25/28 MP: 7/7
  1934 | D:3      | Noticed Sigmund
  1944 | D:3      | Learned a level 2 spell: Blink
  2178 | D:3      | Found a glowing drain.
  2192 | Sewer    | Entered a sewer
  2201 | Sewer    | Reached XP level 5. HP: 34/34 MP: 2/9
  2537 | D:3      | Found a faded altar of an unknown god.
  2659 | D:4      | Noticed a water moccasin
  2689 | D:4      | Killed a water moccasin
  2690 | D:4      | Reached XP level 6. HP: 18/39 MP: 8/10
  2935 | D:4      | Found a stormy altar of Qazlal.
  2935 | D:4      | Noticed a sky beast
  2962 | D:4      | Killed a sky beast
  3267 | D:4      | Noticed Natasha
  3276 | D:4      | Killed Natasha
  3277 | D:4      | Reached XP level 7. HP: 44/44 MP: 4/11
  3294 | D:4      | Learned a level 3 spell: Summon Guardian Golem
  3300 | D:4      | Noticed Natasha
  3308 | D:4      | Killed Natasha
  3450 | D:4      | Found a sacrificial altar of Ru.
  3811 | D:5      | Entered Level 5 of the Dungeon
  3840 | D:5      | Found a snail-covered altar of Cheibriados.
  3840 | D:5      | Found a glowing golden altar of the Shining One.
  3843 | D:5      | Found an ancient bone altar of Kikubaaqudgha.
  3926 | D:5      | Noticed Duvessa
  3927 | D:5      | Noticed Dowan
  3929 | D:5      | Found a sand-covered staircase.
  3939 | D:5      | Killed Duvessa
  3940 | D:5      | Reached skill level 1 in Hexes
  3941 | D:5      | Killed Dowan
  4017 | Ossuary  | Entered an ossuary
  4237 | D:5      | Noticed Pikel
  4246 | D:5      | Mangled by Pikel

Illustrated notes

Levels and vault maps discovered:
D:1:      beargit_arrival_greenhouse, layout_basic, minmay_misc_feat_room,
          solitary_fountain
D:2:      layout_basic, minmay_puff, uniq_robin
D:3:      wander_river, layout_basic, lemuel_blue_sif_altar,
          cheibrodos_sewer_entry_drain, ebering_ecumenical_altar_box,
          minmay_lizard_king, uniq_sigmund
D:4:      layout_cave_pods, nicolae_ru_path_of_blood,
          nicolae_qazlal_beasts_of_the_sky, minmay_misc_feat_more_columns,
          uniq_natasha
D:5:      layout_gridville, gammafunk_temple_overflow_claw, enter_ossuary_1,
          uniq_menkaure, uniq_pikel, uniq_eustachio, uniq_duvessa

Skill      XL: |  1  2  3  4  5  6  7 |
---------------+----------------------+-----
Stealth        | 3 4 |  4.8
Fighting       | 1 2 |  2.5
Translocations | 2 4 |  4.6
Dodging        | 3 |  3.3
Spellcasting   | 3 |  3.2
Hexes          | 2 |  2.2
Summonings     | |  4.9

Action                     |  1- 3 |  4- 6 |  7- 9 || total
---------------------------+-------+-------+-------++-------
  Melee: Unarmed           |     8 |       |       ||     8
         Constrict         |     9 |     9 |     4 ||    22
         Tentacles         |     9 |     6 |     5 ||    20
         Whip              |     6 |       |       ||     6
         Dagger            |    27 |    53 |    15 ||    95
         Punch             |     1 |       |       ||     1
   Cast: Summon Small Mamm |    20 |    16 |     9 ||    45
         Call Imp          |     8 |    14 |     6 ||    28
         Call Canine Famil |     1 |    16 |     6 ||    23
         Summon Guardian G |       |       |     6 ||     6
    Use: Potion            |     1 |     2 |       ||     3
         Scroll            |       |    10 |     1 ||    11
   Stab: Sleeping          |     6 |     5 |       ||    11
         Distracted        |       |       |     1 ||     1
 Armour: Skin              |     2 |     3 |       ||     5
  Dodge: Dodged            |    26 |    51 |    14 ||    91
